| TOP OF THE 1ST |
|
Atlanta (MID) Braves batting - Pitching for Dayton Dragons : RHP Narciso Umbelino
|
|
Pitching: RHP Narciso Umbelino
|
|
|
Batting: RHB Toki Takeuchi
|
0-0: Ground out 6-3 (Groundball, 6, EV 87.5 MPH)
|
|
Batting: RHB Nick Holsinger
|
0-0: Ball 1-0: Ground out 5-3 (Groundball, 56, EV 104.4 MPH)
|
|
Batting: RHB Zheng-ze King
|
0-0: Called Strike 0-1: Foul Ball, location: 2F 0-2: Ball 1-2: Ball 2-2: Strikes out swinging
|
| Top of the 1st over - 0 runs, 0 hits, 0 errors, 0 left on base; Atlanta (MID) 0 - Dayton 0 |
| BOTTOM OF THE 1ST |
|
Dayton Dragons batting - Pitching for Atlanta (MID) Braves : RHP Rashid bin Ala'
|
|
Pitching: RHP Rashid bin Ala'
|
|
|
Batting: LHB Matt Kennedy
|
0-0: Ball 1-0: Swinging Strike 1-1: SINGLE (Groundball, 34D, EV 101.9 MPH)
|
|
Batting: LHB Leo Gomez
|
0-0: Ball 1-0: SINGLE (Line Drive, 8LS, EV 91.2 MPH) Matt Kennedy to second Runner from 2nd tries for 3rd, SAFE, throw by CF made to third
|
|
Batting: RHB Andy Bachman
|
0-0: Ball 1-0: Foul Ball, location: 2F 1-1: Ball 2-1: Called Strike Leo Gomez steals 2nd base 2-2: Strikes out looking
|
|
Batting: LHB Chris Redhead
|
0-0: Called Strike 0-1: Ball 1-1: SINGLE (Line Drive, 7S, EV 98.8 MPH) Matt Kennedy scores Leo Gomez to third
|
|
Batting: RHB Mark Williams
|
0-0: Ball 1-0: Foul Ball, location: 2F 1-1: Ball 2-1: SINGLE (Line Drive, 6M, EV 105.0 MPH) Leo Gomez scores Chris Redhead to second
|
|
Batting: LHB Ray Walden
|
0-0: Grounds into double play, 6-4-3 (Groundball, 6, EV 85.0 MPH)
|
| Bottom of the 1st over - 2 runs, 4 hits, 0 errors, 1 left on base; Atlanta (MID) 0 - Dayton 2 |
| TOP OF THE 2ND |
|
Atlanta (MID) Braves batting - Pitching for Dayton Dragons : RHP Narciso Umbelino
|
|
Batting: SHB Richello Badua
|
0-0: Ball 1-0: SINGLE (Line Drive, 9S, EV 108.8 MPH)
|
|
Batting: RHB Josh McCormick
|
0-0: Called Strike 0-1: Swinging Strike 0-2: Strikes out swinging
|
|
Batting: LHB Oke Monti
|
0-0: Ball 1-0: Foul Ball, location: 2F 1-1: Called Strike Richello Badua steals 2nd base 1-2: Fly out, F9 (Flyball, 9, EV 86.2 MPH)
|
|
Batting: LHB Ryan Murdock
|
0-0: Called Strike 0-1: Ball 1-1: Ball 2-1: Foul Ball, location: 2F 2-2: Fly out, F6 (Line Drive, 6, EV 68.8 MPH)
|
| Top of the 2nd over - 0 runs, 1 hit, 0 errors, 1 left on base; Atlanta (MID) 0 - Dayton 2 |
| BOTTOM OF THE 2ND |
|
Dayton Dragons batting - Pitching for Atlanta (MID) Braves : RHP Rashid bin Ala'
|
|
Batting: RHB Chris Zamora
|
0-0: Ball 1-0: Ball 2-0: Swinging Strike 2-1: Foul Ball, location: 2F 2-2: Strikes out swinging
|
|
Batting: RHB Ernie Maldonado
|
0-0: Swinging Strike 0-1: Called Strike 0-2: Ball 1-2: Foul Ball, location: 2F 1-2: Ball 2-2: Ball 3-2: DOUBLE (Flyball, 89D, EV 115.0 MPH)
|
|
Batting: RHB Yutaka Sato
|
0-0: Ball 1-0: Called Strike 1-1: Ball 2-1: Ball 3-1: Foul Ball, location: 2F 3-2: Ground out 1-3 (Groundball, 13S, EV 70.6 MPH) Ernie Maldonado to third
|
|
Batting: LHB Matt Kennedy
|
0-0: Ball 1-0: Ball 2-0: Called Strike 2-1: Foul Ball, location: 2F 2-2: Ground out 6-3 (Groundball, 6, EV 105.6 MPH)
|
| Bottom of the 2nd over - 0 runs, 1 hit, 0 errors, 1 left on base; Atlanta (MID) 0 - Dayton 2 |
| TOP OF THE 3RD |
|
Atlanta (MID) Braves batting - Pitching for Dayton Dragons : RHP Narciso Umbelino
|
|
Batting: RHB Gerard Michel
|
0-0: Called Strike 0-1: Called Strike 0-2: Ball 1-2: Foul Ball, location: 2F 1-2: Strikes out swinging
|
|
Batting: LHB Joe Phillips
|
0-0: Ball 1-0: Ground out 3-1 (Groundball, 34S, EV 69.4 MPH)
|
|
Batting: RHB Toki Takeuchi
|
0-0: Ball 1-0: Called Strike 1-1: Ball 2-1: Swinging Strike 2-2: Ball 3-2: Ground out 5-3 (Groundball, 5, EV 82.5 MPH)
|
| Top of the 3rd over - 0 runs, 0 hits, 0 errors, 0 left on base; Atlanta (MID) 0 - Dayton 2 |
| BOTTOM OF THE 3RD |
|
Dayton Dragons batting - Pitching for Atlanta (MID) Braves : RHP Rashid bin Ala'
|
|
Batting: LHB Leo Gomez
|
0-0: Called Strike 0-1: Fly out, F8 (Line Drive, 89M, EV 86.9 MPH)
|
|
Batting: RHB Andy Bachman
|
0-0: Fly out, F7 (Flyball, 7D, EV 96.2 MPH)
|
|
Batting: LHB Chris Redhead
|
0-0: Fly out, F8 (Flyball, 8RM, EV 82.5 MPH)
|
| Bottom of the 3rd over - 0 runs, 0 hits, 0 errors, 0 left on base; Atlanta (MID) 0 - Dayton 2 |
| TOP OF THE 4TH |
|
Atlanta (MID) Braves batting - Pitching for Dayton Dragons : RHP Narciso Umbelino
|
|
Batting: RHB Nick Holsinger
|
0-0: Swinging Strike 0-1: Foul Ball, location: 2F 0-2: Foul Ball, location: 2F 0-2: Ball 1-2: Foul Ball, location: 2F 1-2: Strikes out looking
|
|
Batting: RHB Zheng-ze King
|
0-0: Ball 1-0: Called Strike 1-1: Foul Ball, location: 2F 1-2: Strikes out swinging
|
|
Batting: SHB Richello Badua
|
0-0: Swinging Strike 0-1: Foul Ball, location: 2F 0-2: DOUBLE (Groundball, 3L, EV 101.2 MPH)
|
|
Batting: RHB Josh McCormick
|
0-0: Ground out 5-3 (Groundball, 56, EV 84.4 MPH)
|
| Top of the 4th over - 0 runs, 1 hit, 0 errors, 1 left on base; Atlanta (MID) 0 - Dayton 2 |
| BOTTOM OF THE 4TH |
|
Dayton Dragons batting - Pitching for Atlanta (MID) Braves : RHP Rashid bin Ala'
|
|
Batting: RHB Mark Williams
|
0-0: Foul Ball, location: 2F 0-1: Ball 1-1: Called Strike 1-2: Ground out 4-3 (Groundball, 4M, EV 85.0 MPH)
|
|
Batting: LHB Ray Walden
|
0-0: Called Strike 0-1: Foul Ball, location: 2F 0-2: Foul Ball, location: 2F 0-2: Fly out, F4 (Popup, 34, EV 73.1 MPH)
|
|
Batting: RHB Chris Zamora
|
0-0: Ball 1-0: Swinging Strike 1-1: Called Strike 1-2: Strikes out swinging
|
| Bottom of the 4th over - 0 runs, 0 hits, 0 errors, 0 left on base; Atlanta (MID) 0 - Dayton 2 |
| TOP OF THE 5TH |
|
Atlanta (MID) Braves batting - Pitching for Dayton Dragons : RHP Narciso Umbelino
|
|
Batting: LHB Oke Monti
|
0-0: Foul Ball, location: 2F 0-1: Foul Ball, location: 2F 0-2: Ball 1-2: Ball 2-2: Strikes out swinging
|
|
Batting: LHB Ryan Murdock
|
0-0: Called Strike 0-1: Ball 1-1: Ground out 5-3 (Groundball, 5L, EV 101.9 MPH)
|
|
Batting: RHB Gerard Michel
|
0-0: Called Strike 0-1: Ground out 6-3 (Groundball, 56, EV 88.8 MPH)
|
| Top of the 5th over - 0 runs, 0 hits, 0 errors, 0 left on base; Atlanta (MID) 0 - Dayton 2 |
| BOTTOM OF THE 5TH |
|
Dayton Dragons batting - Pitching for Atlanta (MID) Braves : RHP Rashid bin Ala'
|
|
Batting: RHB Ernie Maldonado
|
0-0: Ground out 5-3 (Groundball, 56, EV 91.9 MPH)
|
|
Batting: RHB Yutaka Sato
|
0-0: Called Strike 0-1: Ball 1-1: Ground out 6-3 (Groundball, 6, EV 83.8 MPH)
|
|
Batting: LHB Matt Kennedy
|
0-0: Ground out 4-3 (Groundball, 4, EV 85.0 MPH)
|
| Bottom of the 5th over - 0 runs, 0 hits, 0 errors, 0 left on base; Atlanta (MID) 0 - Dayton 2 |
| TOP OF THE 6TH |
|
Atlanta (MID) Braves batting - Pitching for Dayton Dragons : RHP Narciso Umbelino
|
|
Batting: LHB Joe Phillips
|
0-0: Called Strike 0-1: Ball 1-1: Swinging Strike 1-2: Ball 2-2: Foul Ball, location: 2F 2-2: Ball 3-2: Foul Ball, location: 2F 3-2: Base on Balls
|
|
Batting: RHB Toki Takeuchi
|
0-0: Swinging Strike 0-1: Ball 1-1: Called Strike 1-2: Strikes out swinging
|
|
Batting: RHB Nick Holsinger
|
0-0: Ball 1-0: Swinging Strike 1-1: Foul Ball, location: 2F 1-2: Foul Ball, location: 2F 1-2: Ball 2-2: Strikes out looking
|
|
Batting: RHB Zheng-ze King
|
0-0: Called Strike 0-1: Foul Ball, location: 2F 0-2: Ball 1-2: Strikes out looking
|
| Top of the 6th over - 0 runs, 0 hits, 0 errors, 1 left on base; Atlanta (MID) 0 - Dayton 2 |
| BOTTOM OF THE 6TH |
|
Dayton Dragons batting - Pitching for Atlanta (MID) Braves : RHP Rashid bin Ala'
|
|
Batting: LHB Leo Gomez
|
0-0: Called Strike 0-1: Called Strike 0-2: SINGLE (Line Drive, 89S, EV 86.9 MPH)
|
|
Batting: RHB Andy Bachman
|
0-0: Called Strike 0-1: DOUBLE (Line Drive, 78XD, EV 105.0 MPH) Leo Gomez to third
|
|
Batting: LHB Chris Redhead
|
0-0: Intentional Walk
|
|
Batting: RHB Mark Williams
|
0-0: Foul Ball, location: 2F 0-1: Ball 1-1: TRIPLE (Line Drive, 89XD, EV 106.2 MPH) Leo Gomez scores Andy Bachman scores Chris Redhead scores
|
|
Pitching: RHP Dan Spahn
|
|
|
Batting: LHB Ray Walden
|
0-0: Swinging Strike 0-1: Ball 1-1: Ball 2-1: Called Strike 2-2: Ground out 5-3 (Groundball, 56, EV 85.0 MPH) Mark Williams scores
|
|
Batting: RHB Chris Zamora
|
0-0: Ground out 6-3 (Groundball, 6, EV 76.2 MPH)
|
|
Batting: RHB Ernie Maldonado
|
0-0: Called Strike 0-1: Ball 1-1: Ground out 1-3 (Groundball, 15S, EV 76.9 MPH)
|
| Bottom of the 6th over - 4 runs, 3 hits, 0 errors, 0 left on base; Atlanta (MID) 0 - Dayton 6 |
| TOP OF THE 7TH |
|
Atlanta (MID) Braves batting - Pitching for Dayton Dragons : RHP Narciso Umbelino
|
|
Batting: SHB Richello Badua
|
0-0: Ball 1-0: Ball 2-0: Ball 3-0: Base on Balls
|
|
Batting: RHB Josh McCormick
|
0-0: DOUBLE (Flyball, 7D, EV 83.8 MPH) Richello Badua to third
|
|
Batting: LHB Oke Monti
|
0-0: Foul Ball, location: 2F 0-1: Ball 1-1: Foul Ball, location: 2F 1-2: Foul Ball, location: 2F 1-2: Ball 2-2: DOUBLE (Line Drive, 7LD, EV 100.0 MPH) Richello Badua scores Josh McCormick scores
|
|
Batting: LHB Ryan Murdock
|
0-0: SINGLE (Line Drive, 56D, EV 98.1 MPH) Oke Monti to third
|
|
Batting: RHB Gerard Michel
|
0-0: Ball 1-0: Foul Ball, location: 2F 1-1: Grounds into double play, 6-4-3 (Groundball, 56, EV 110.6 MPH) Oke Monti scores
|
|
Batting: LHB Joe Phillips
|
0-0: Called Strike 0-1: Ball 1-1: Ground out 5-3 (Groundball, 5, EV 83.1 MPH)
|
| Top of the 7th over - 3 runs, 3 hits, 0 errors, 0 left on base; Atlanta (MID) 3 - Dayton 6 |
| BOTTOM OF THE 7TH |
|
Dayton Dragons batting - Pitching for Atlanta (MID) Braves : RHP Dan Spahn
|
|
Batting: RHB Yutaka Sato
|
0-0: Ball 1-0: Foul Ball, location: 2F 1-1: Foul Ball, location: 2F 1-2: Foul Ball, location: 2F 1-2: SINGLE (Line Drive, 4MD, EV 97.5 MPH)
|
|
Batting: LHB Matt Kennedy
|
0-0: Ball 1-0: Called Strike 1-1: Ball 2-1: Ball Yutaka Sato is caught stealing 2nd base 2-6 3-1: Ground out U3 (Groundball, 3, EV 91.2 MPH)
|
|
Batting: LHB Leo Gomez
|
0-0: Ball 1-0: Ball 2-0: Ground out 6-3 (Groundball, 6, EV 78.8 MPH)
|
| Bottom of the 7th over - 0 runs, 1 hit, 0 errors, 0 left on base; Atlanta (MID) 3 - Dayton 6 |
| TOP OF THE 8TH |
|
Atlanta (MID) Braves batting - Pitching for Dayton Dragons : RHP Narciso Umbelino
|
|
Pitching: RHP Ken Armstrong
|
|
|
Now at 1B: Mark Williams
|
|
|
Now at 2B: Yutaka Sato
|
|
|
Now at SS: Juan Zamora
|
|
|
Now in RF: Tim Kirk
|
|
|
Batting: RHB Toki Takeuchi
|
0-0: SINGLE (Groundball, 56, EV 106.9 MPH)
|
|
Batting: RHB Nick Holsinger
|
0-0: Ball 1-0: Ball 2-0: Foul Ball, location: 2F 2-1: Foul Ball, location: 2F 2-2: Strikes out swinging
|
|
Batting: RHB Zheng-ze King
|
0-0: Ball 1-0: Grounds into double play, 5-4-3 (Groundball, 5, EV 88.1 MPH)
|
| Top of the 8th over - 0 runs, 1 hit, 0 errors, 0 left on base; Atlanta (MID) 3 - Dayton 6 |
| BOTTOM OF THE 8TH |
|
Dayton Dragons batting - Pitching for Atlanta (MID) Braves : RHP Dan Spahn
|
|
Pitching: RHP Ioakim Mozgo
|
|
|
Batting: RHB Andy Bachman
|
0-0: Ball 1-0: Ball 2-0: Foul Ball, location: 2F 2-1: Swinging Strike 2-2: Strikes out swinging
|
|
Batting: LHB Chris Redhead
|
0-0: Foul Ball, location: 2F 0-1: Swinging Strike 0-2: Strikes out swinging
|
|
Batting: RHB Mark Williams
|
0-0: Called Strike 0-1: Ground out 1-3 (Groundball, 15S, EV 65.6 MPH)
|
| Bottom of the 8th over - 0 runs, 0 hits, 0 errors, 0 left on base; Atlanta (MID) 3 - Dayton 6 |
| TOP OF THE 9TH |
|
Atlanta (MID) Braves batting - Pitching for Dayton Dragons : RHP Ken Armstrong
|
|
Pitching: RHP Juan Hernandez
|
|
|
Now at 1B: Yutaka Sato
|
|
|
Now at 2B: Jeremy Robertson
|
|
|
Now at SS: Juan Zamora
|
|
|
Batting: SHB Richello Badua
|
0-0: Called Strike 0-1: Ball 1-1: Ground out U3 (Groundball, 3, EV 90.0 MPH)
|
|
Batting: RHB Josh McCormick
|
0-0: Called Strike 0-1: Called Strike 0-2: Ball 1-2: Ball 2-2: Ball 3-2: Strikes out looking
|
|
Batting: LHB Oke Monti
|
0-0: Called Strike 0-1: Ball 1-1: Called Strike 1-2: Strikes out swinging
|
| Top of the 9th over - 0 runs, 0 hits, 0 errors, 0 left on base; Atlanta (MID) 3 - Dayton 6 |
|